AoeStats
← Bugsibär

Arabia

507076812Analyzed
1v1 RM · 16d ago on Sep 16, 2026· 23m 37s· 2 players
Game mode
Random Map
Map size
Tiny (2 player)
Population
200
Speed
Normal
Resources
Standard
Victory
Conquest
Starting age
Dark Age
Ending age
Imperial Age
RankedLock teamsTeams togetherTeam positionsShared explorationLock speedFull tech treeHidden civsTurbo modeCheats
Victory
Defeat
🇩🇪 Vietnamese · Germany
1850
+11
🇩🇪 Khitans · Germany
1739
-11
Bugsibär
6:07 Loom
8:28 Feudal Age
10:41 Double-Bit Axe
12:42 Domestication
20:01 Castle Age
19:46 Forging
19:48 Fletching
20:07 Light Cavalry
21:27 Iron Casting
20:20 Elite Skirmisher
22:01 Bodkin Arrow
Penntuete
7:38 Loom
10:08 Feudal Age
10:57 Double-Bit Axe
19:23 Castle Age
17:22 Horse Collar
17:56 Gold Mining
18:22 Fletching
19:32 Bloodlines
20:01 Bodkin Arrow
19:37 Crossbowman
21:29 Bow Saw
21:51 Heavy Plow
Connection lost

Rejoining the realm…

Still unreachable

The connection could not be restored.

Session expired

The server has moved on; the page needs a fresh start.